 Dungeon Crawl Stone Soup version 0.31-a0-177-g4aa6249778 (webtiles) character file.

Game seed: 171494280292203176

4 qw the Shooter (level 1, -1/19 HPs)
             Began as a Naga Hunter on June 18, 2023.
             Slain by a goblin
             ... wielding a +0 dagger
              (4 damage)
             ... on level 1 of the Dungeon.
             The game lasted 00:00:01 (73 turns).

qw the Shooter (Naga Hunter)                          Turns: 73, Time: 00:00:02

Health: -1/19      AC:  1    Str: 13    XL:     1   Next: 70%
Magic:  1/1        EV:  9    Int:  9    God:
Gold:   18         SH:  0    Dex: 14    Spells: 0/0 levels left

rFire   . . .        a - +0 shortbow
rCold   . . .        (shield currently unavailable)
rNeg    . . .        c - +0 leather armour
rPois   +            (no helmet)
rElec   .            (no cloak)
rCorr   .            (no gloves)
SInv    +            (no barding)
Will    .....        (no amulet)
Stlth   ++           (no ring)
HPRegen 0.23/turn    (no ring)
MPRegen 0.07/turn

%: no passive effects
@: very slow
A: AC +0, large, see invisible, deformed body, poison resistance, slowness 2,
spit poison 1, naga tail 1
a: Spit Poison


You were on level 1 of the Dungeon.
You visited 1 branch of the dungeon, and saw 1 of its levels.

You collected 18 gold pieces.


Innate Abilities, Weirdness & Mutations

Your serpentine skin is tough. (AC +0)
You have supernaturally acute eyesight. (SInv)
Armour fits poorly on your strangely shaped body.
Your system is resistant to poisons. (rPois)
You cover ground very slowly.
You can spit poison.
You have a snake-like lower body.


   Skills:
 - Level 2.0 Fighting
 + Level 3.9 Ranged Weapons
 - Level 1.5 Dodging
 - Level 1.5 Stealth


You couldn't memorise any spells.
You didn't know any spells.
Your spell library was empty.

Inventory:

Hand Weapons
 a - a +0 shortbow (weapon)
Armour
 c - a +0 leather armour (worn)
Scrolls
 b - a scroll of butterflies

Dungeon Overview and Level Annotations

Branches:
Dungeon (1/15)

Altars:


Message History

Found 18 gold pieces and a spear.
The kobold shouts!
You hear a shout! x2
A goblin comes into view. It is wielding a +0 dagger.
A kobold comes into view. It is wielding a +0 short sword.
The endoplasm moves out of view.
66 ||| INVOKING Spit Poison.
Aiming: Spit Poison (3% risk of failure)
Press: ? - help, Shift-Dir - straight line, f - kobold The splash of poison hits the kobold.
The kobold is poisoned.
The kobold is moderately wounded.
You shoot an arrow. The endoplasm quivers.
The arrow hits the kobold.
You kill the kobold!
You shoot an arrow. The arrow hits the endoplasm.
The endoplasm is moderately wounded.
You shoot an arrow. The arrow hits the endoplasm.
You kill the endoplasm!
You shoot an arrow. The arrow hits the kobold.
The kobold is severely wounded.
You have got your breath back.
You hear a shout!
A kobold comes into view. It is wielding a +0 short sword.
The kobold hits you with a +0 short sword.
The goblin hits you with a +0 dagger.
71 ||| INVOKING Spit Poison.
Aiming: Spit Poison (3% risk of failure)
Press: ? - help, Shift-Dir - straight line, f/p - kobold The splash of poison misses the kobold.
The goblin closely misses you.
The kobold hits you with a +0 short sword.
You shoot an arrow. The arrow completely misses the kobold.
The goblin barely misses you.
The kobold hits you with a +0 short sword. x2
You shoot an arrow.
The arrow hits the kobold but does no damage.
The kobold is severely wounded.
You have got your breath back.
The goblin hits you with a +0 dagger.
You die...

.....#...#...#
....######...## .#
##.####...)...# )#
...(.........## ..#
##.#####.....# ...#
...#
#.......######...##
...#
#.#.###............
...# #.#.#
#...%.K...... ...#
# #.. #....@g......
...# ##.
#.####K#...#$ ####
. #.# )# ..# ....#
.# #### .# $. .# .#


You could see a goblin and 2 kobolds.

Vanquished Creatures
  An endoplasm (D:1)
  2 kobolds (D:1)
  2 rats (D:1)
5 creatures vanquished.

Notes
Turn   | Place    | Note
-------+----------+-------------------------------------------
     0 | D:1      | qw the Naga Hunter began the quest for the Orb.
     0 | D:1      | Reached XP level 1. HP: 19/19 MP: 1/1
     0 | D:1      | 0 ||| qw: Version: 0.3-a-5-g6f28e65
     0 | D:1      | 0 ||| qw: Game counter: 668
     0 | D:1      | 0 ||| qw: Always use a shield: true
     0 | D:1      | 0 ||| qw: God list: Okawaru
     0 | D:1      | 0 ||| qw: Allow faded altars: false
     0 | D:1      | 0 ||| qw: Do Orc after D:15 true
     0 | D:1      | 0 ||| qw: Do second Lair branch before Depths: true
     0 | D:1      | 0 ||| qw: Lair rune preference: random
     0 | D:1      | 0 ||| qw: Plans: Normal
     0 | D:1      | 0 ||| PLANNING D:1-11
    30 | D:1      | 30 ||| INVOKING Spit Poison.
    59 | D:1      | 59 ||| INVOKING Spit Poison.
    66 | D:1      | 66 ||| INVOKING Spit Poison.
    71 | D:1      | 71 ||| INVOKING Spit Poison.
    72 | D:1      | HP: 3/19 [kobold/+0 short sword (5)]
    73 | D:1      | Slain by a goblin

Levels and vault maps discovered:
D:1:      amcnicky_arrival_single_pillar, layout_loops_cross,
          serial_bayou_lake_a

Action                     || total
---------------------------++-------
   Fire: Shortbow          ||     8
Ability: Spit Poison       ||     4
  Dodge: Dodged            ||     2

Table legend:
 A = Non-vault XP
 B = Vault XP
 C = Vault XP percentage of total XP
 D = Non-vault monster count
 E = Vault monster count
 F = Vault count percentage of total count
                 A         B        C        D         E       F
            +---------+---------+-------+---------+---------+-------
      Total |       7 |       0 |   0.0 |       5 |       0 |   0.0
            +---------+---------+-------+---------+---------+-------
        D:1 |       7 |       0 |   0.0 |       5 |       0 |   0.0
            +---------+---------+-------+---------+---------+-------
